AoeStats
← LE | Emaxcito2

Glade

512001189Analyzed
1v1 RM · 10d ago on Oct 7, 2026· 25m 55s· 2 players
Game mode
Random Map
Map size
Tiny (2 player)
Population
200
Speed
Normal
Resources
Standard
Victory
Conquest
Starting age
Dark Age
Ending age
Imperial Age
RankedLock teamsTeams togetherTeam positionsShared explorationLock speedFull tech treeHidden civsTurbo modeCheats
Victory
Defeat
🇵🇪 Italians · Peru
1883
+9
vs
🇨🇱 Romans · Chile
1728
-9
LE | Emaxcito2
6:34 Loom
9:25 Feudal Age
9:35 Man-at-Arms
12:52 Double-Bit Axe
15:01 Fletching
15:51 Horse Collar
21:58 Castle Age
20:48 Gold Mining
22:28 Wheelbarrow
22:04 Crossbowman
22:46 Bodkin Arrow
23:02 Bow Saw
23:23 Scale Barding Armor
AiM | EleuieseKa
6:33 Loom
9:46 Feudal Age
9:48 Man-at-Arms
11:49 Scale Mail Armor
14:19 Fletching
16:00 Forging
18:55 Wheelbarrow
22:23 Castle Age
20:50 Horse Collar
22:24 Elite Skirmisher
22:27 Long Swordsman
23:48 Chain Mail Armor
24:57 Bodkin Arrow
Connection lost

Rejoining the realm…

Still unreachable

The connection could not be restored.

Session expired

The server has moved on; the page needs a fresh start.